 Dungeon Crawl Stone Soup version 0.27.1-34-g3ba077fa99 (webtiles) character file.

Game seed: 10323700602370791654

79 melkoren the Slasher (level 4, -1/42 HPs)
             Began as a Troll Gladiator on Jan 12, 2022.
             Slain by Jessica (3 damage)
             ... on level 2 of the Dungeon.
             The game lasted 00:03:01 (1358 turns).

melkoren the Slasher (Troll Gladiator)              Turns: 1358, Time: 00:03:02

Health: -1/42      AC:  4    Str: 22    XL:     4   Next: 17%
Magic:  0/3        EV: 10    Int:  4    God:
Gold:   60         SH:  0    Dex: 12    Spells: 3/3 levels left

rFire    . . .     SeeInvis .   a - +0 long sword
rCold    . . .     Faith    .   (no shield)
rNeg     . . .     Spirit   +   b - +0 robe
rPois    .         Reflect  .   c - +0 hat
rElec    .         Harm     .   (no cloak)
rCorr    .         Rampage  .   (gloves unavailable)
Will     .....                  (boots unavailable)
Stlth    +.........             G - amulet of guardian spirit
HPRegen  1.14/turn              (no ring)
MPRegen  0.08/turn              (no ring)

@: confused
A: large, unfitting armour, claws 3, regeneration 1, shaggy fur 1, tough skin 1
a: no special abilities


You were on level 2 of the Dungeon.
You visited 1 branch of the dungeon, and saw 2 of its levels.

You collected 60 gold pieces.


Innate Abilities, Weirdness & Mutations

You are too large for most types of armour.
You have claws for hands.
Your natural rate of healing is unusually fast.
You are covered in fur. (AC +1)
You have tough skin. (AC +1)


   Skills:
 + Level 2.2 Fighting
 * Level 3.4 Long Blades
 - Level 1.7 Throwing
 + Level 3.0 Dodging


You had 3 spell levels left.
You didn't know any spells.
Your spell library contained the following spells:

 Spells                   Type           Power      Damage    Failure   Level
 Petrify                  Tmut/Erth      0%         N/A       99%         4
 Metabolic Englaciation   Hex/Ice        0%         N/A       100%        5
 Statue Form              Tmut/Erth      0%         N/A       100%        6

Inventory:

Hand Weapons
 a - a +0 long sword (weapon)
 n - a +2 hand axe of electrocution
   (You took it off Terence on level 2 of the Dungeon)
Missiles
 d - 3 throwing nets (quivered) {=f!f}
 e - 42 stones
Armour
 b - a +0 robe (worn)
 c - a +0 hat (worn)
Jewellery
 G - an amulet of guardian spirit (around neck)
   (You found it on level 1 of the Dungeon)
Scrolls
 f - 2 scrolls of identify {unknown}
 h - a scroll of enchant weapon {unknown}
 i - a scroll of teleportation {unknown}
 m - a scroll of summoning {unknown}
Potions
 g - 2 potions of magic {unknown}
 j - 2 potions of attraction {unknown}
 k - a potion of lignification {unknown}
 l - a potion of heal wounds {unknown}

Dungeon Overview and Level Annotations

Branches:
Dungeon (2/15)

Altars:

Annotations:
D:2 Jessica, Sigmund

.....<..
#........#######.....
.........##......#..#
.........##........[#
.........##.........#
.........#
####.....#### .......K.
#..#.....# #....>@{#
######.##.##.#
#....h@###.........##..
######..##..........###
##...........#.###
###...........#..
##.............
#............#
#........###.#
#........# #.#
######### #........#
#.)


You could see Jessica (fast), a jackal and a kobold.


Message History

You closely miss something.
The jackal bites you but does no damage.
Jessica shouts, "You're disturbing me!
I'll have to kill you!" Something hits you.
The jackal bites you but does no damage. x2 😕 HP[-4] MP[-1]
You take 4 damage, and now have 32/42 hp.
You lost 1 mp, and now have 2/3 mp.
You closely miss something. The jackal barely misses you.
The jackal bites you but does no damage.
The jackal barely misses you.
You riposte.
You barely miss the jackal. Something hits you.
The jackal barely misses you. 😮 HP[-2]
You take 2 damage, and now have 30/42 hp.
You closely miss something. The jackal closely misses you.
The jackal bites you.
You closely miss something. The jackal closely misses you.
The jackal bites you but does no damage.
Something hits you but does no damage. The jackal closely misses you. x2
You riposte.
You closely miss the jackal.
Jessica casts a spell.
Jessica seems to speed up. 😕 HP[+2]
You regained 2 hp, and now have 32/42 hp.
You closely miss something. The jackal bites you. The jackal misses you.
Something hits you! The jackal bites you.
* * * LOW HITPOINT WARNING * * *
The jackal misses you.
You riposte.
You closely miss the jackal. 😨 HP[-12]
You take 12 damage, and now have 20/42 hp.
MASSIVE DAMAGE!! (PAUSE) Unknown command.
Unknown command.
You barely miss something.
The jackal barely misses you. x2; You riposte.
You closely miss the jackal.
You hear some strange, mumbled words.
Something tries to affect you, but you resist.
The jackal bites you but does no damage.
The jackal closely misses you. 😨 HP[+1]
You miss something. Something hits you but does no damage.
The jackal barely misses you.
The jackal bites you. 😮 HP[+1] Unknown command.
You miss something. The jackal barely misses you.
You riposte.
You barely miss the jackal. The jackal bites you. The jackal misses you.
You hear some strange, mumbled words.
Something tries to affect you, but you resist.
The jackal bites you but does no damage. 😮 HP[+1] MP[-1]
You lost 1 mp, and now have 1/3 mp.
You slash something!
The jackal bites you but does no damage.
The jackal barely misses you.
Jessica shouts, "I don't like beings like you!"
Something hits you but does no damage.
The jackal bites you but does no damage.
The jackal closely misses you. 😮 HP[+2]
You regained 2 hp, and now have 25/42 hp.
You closely miss something. The jackal bites you.
The jackal closely misses you.
You riposte.
You miss the jackal. Something hits you!
* * * LOW HITPOINT WARNING * * *
😨 HP[-12] MP[-1]
You take 12 damage, and now have 13/42 hp.
MASSIVE DAMAGE!! (PAUSE)
You lost 1 mp, and now have 0/3 mp.
You hit something.
The jackal closely misses you. x2; You riposte.
You closely miss the jackal.
The jackal bites you but does no damage.
The jackal bites you.
* * * LOW HITPOINT WARNING * * *
Something hits you.
* * * LOW HITPOINT WARNING * * *
😱 HP[-4]
You take 4 damage, and now have 9/42 hp.
You miss something.
The jackal bites you but does no damage.
The jackal misses you.
The jackal bites you but does no damage.
The jackal closely misses you. 😨 HP[+2]
You regained 2 hp, and now have 11/42 hp.
You miss something. Something hits you!
* * * LOW HITPOINT WARNING * * *
The jackal closely misses you.
You riposte.
You hit the jackal but do no damage. The jackal closely misses you.
You riposte.
You hit the jackal.
You kill the jackal!
The jackal barely misses you.
You riposte.
You closely miss the jackal. 😱 HP[-10]
You take 10 damage, and now have 1/42 hp.
MASSIVE DAMAGE!! (PAUSE)
You barely miss something.
You hear some strange, mumbled words.
You are confused.
The jackal barely misses you.
Jessica hits you with a +5 spectral club.
You die...

Skill      XL: |  1  2  3  4 |
---------------+-------------+-----
Long Blades    | 3 |  3.4
Fighting       | 2 |  2.2
Dodging        | 3 |  3.0
Throwing       | |  1.7

Action                   |  1- 3 |  4- 6 || total
-------------------------+-------+-------++-------
Melee: Long sword        |   128 |    24 ||   152
 Stab: Sleeping          |     1 |       ||     1
Armor: Robe              |    70 |    18 ||    88
Dodge: Dodged            |    88 |    28 ||   116
       Rpst.: Long sword |    26 |    11 ||    37

Levels and vault maps discovered:
D:1:      scummos_arrival_hexagon, layout_basic,
          shapermc_ecumenical_altar_mp_vishouse, chequers_serial_rivers_room_b,
          st_stairs_2, chequers_serial_rivers_micro_a, minmay_misc_feat_columns,
          hangedman_abyss_or_decor_stabs, minmay_misc_feat_nine_boxes
D:2:      layout_rooms, uniq_terence, uniq_sigmund, uniq_jessica

Notes
Turn   | Place    | Note
-------+----------+-------------------------------------------
     0 | D:1      | melkoren the Troll Gladiator began the quest for the Orb.
     0 | D:1      | Reached XP level 1. HP: 19/19 MP: 0/0
     0 | D:1      | magus.rc [v1.11.3]
    17 | D:1      | You pick up a book of Sloth and begin reading...
    17 | D:1      | You add the spells Petrify, Metabolic Englaciation and
                  | Statue Form to your library.
   143 | D:1      | Reached XP level 2. HP: 23/28 MP: 1/1
   402 | D:1      | Reached skill level 3 in Long Blades
   492 | D:1      | Reached skill level 2 in Fighting
   492 | D:1      | Reached XP level 3. HP: 35/35 MP: 2/2
   579 | D:1      | Found a faded altar of an unknown god.
  1204 | D:2      | Noticed Terence
  1211 | D:2      | HP: 8/35 [Terence (5)]
  1212 | D:2      | Killed Terence
  1213 | D:2      | Reached XP level 4. HP: 11/42 MP: 1/3
  1253 | D:2      | Reached skill level 3 in Dodging
  1338 | D:2      | Noticed Sigmund
  1341 | D:2      | Noticed Jessica
  1355 | D:2      | HP: 9/42 [something (4)]
  1357 | D:2      | HP: 1/42 [something (11)]
  1358 | D:2      | Slain by Jessica

Vanquished Creatures
  Terence (D:2)
  2 dart slugs
  5 endoplasms
  2 hobgoblins (D:1)
  5 jackals
  8 kobolds
  9 ball pythons (D:1)
  5 bats
  4 frilled lizards
  5 goblins (D:1)
  4 rats
50 creatures vanquished.

Table legend:
 A = Non-vault XP
 B = Vault XP
 C = Vault XP percentage of total XP
 D = Non-vault monster count
 E = Vault monster count
 F = Vault count percentage of total count
                 A         B        C        D         E       F
            +---------+---------+-------+---------+---------+-------
      Total |      74 |      40 |  35.1 |      46 |       4 |   8.0
            +---------+---------+-------+---------+---------+-------
        D:1 |      54 |       4 |   6.9 |      34 |       3 |   8.1
        D:2 |      20 |      36 |  64.3 |      12 |       1 |   7.7
            +---------+---------+-------+---------+---------+-------

Illustrated notes

Table legend:
 A = Kills in this place as a percentage of kills in entire the game.
 B = Kills by you in this place as a percentage of kills by you in the entire game.
 C = Kills by friends in this place as a percentage of kills by friends in the entire game.
 D = Other kills in this place as a percentage of other kills in the entire game.
 E = Experience gained in this place as a percentage of experience gained in the entire game.
 F = Experience gained in this place divided by the number of levels of this place that you have seen.
                   A       B       C       D       E      F
               +-------+-------+-------+-------+-------+----------------------
         Total | 100.0 | 100.0 |   N/A |   N/A | 100.0 |  57.0
       Dungeon | 100.0 | 100.0 |   N/A |   N/A | 100.0 |  57.0
               +-------+-------+-------+-------+-------+----------------------

Table legend: (Time is in decaauts)
 A = Elapsed time spent in this place.
 B = Non-inter-level travel time spent in this place.
 C = Inter-level travel time spent in this place.
 D = Time resting spent in this place.
 E = Time spent auto-exploring this place.
 F = Levels seen in this place.
 G = Mean time per level.
                   A        B        C        D        E       F      G
               +--------+--------+--------+--------+--------+-----+--------+
         Total |   1397 |   1355 |     42 |     23 |   1004 |   2 |  698.5 |
       Dungeon |   1397 |   1355 |     42 |     23 |   1004 |   2 |  698.5 |
               +--------+--------+--------+--------+--------+-----+--------+

Top non-repeatable levels by time:
     D:1: 1081 daAuts
     D:2: 315 daAuts
